 Dungeon Crawl Stone Soup version 0.28-a0-728-g0181a31188 (webtiles) character file.

Game seed: 16669195430232793420

2051 Johnny the Carver (level 9, -12/106 (108) HPs)
             Began as a Human Berserker on Oct 28, 2021.
             Was a Believer of Trog.
             Mangled by a troll (17 damage)
             ... on level 7 of the Dungeon.
             The game lasted 00:05:12 (6688 turns).

Johnny the Carver (Human Berserker)                 Turns: 6688, Time: 00:05:13

HP:   -12/106 (108) AC:  5    Str: 26    XL:     9   Next: 49%
MP:   9/9           EV: 12    Int:  2    God:    Trog [**....]
Gold: 344           SH:  0    Dex: 13    Spells: 8/8 levels left

rFire   . . .      SeeInvis +   a - +0 falchion
rCold   + . .      Faith    .   (no shield)
rNeg    . . .      Spirit   .   l - +2 robe "Vijiem" {Regen+ Str+5 Int-5 SInv}
rPois   .          Reflect  .   (no helmet)
rElec   .          Harm     .   (no cloak)
rCorr   .          Rampage  .   (no gloves)
Will    +....                   i - +0 pair of boots
Stlth   ..........              (no amulet)
HPRegen 1.27/turn               h - ring of willpower
MPRegen 0.11/turn               w - ring of protection from cold

@: berserking, lightly drained, very quick
A: no striking features
a: Renounce Religion, Berserk, Trog's Hand


You were on level 7 of the Dungeon.
You worshipped Trog.
Trog was pleased with you.
You visited 1 branch of the dungeon, and saw 7 of its levels.
You also visited: Ossuary.

You collected 344 gold pieces.

Inventory:

Hand Weapons
 a - a +0 falchion (weapon)
Armour
 i - a +0 pair of boots (worn)
 l - the +2 robe "Vijiem" (worn) {Regen+ Str+5 Int-5 SInv}
   (You found it on level 5 of the Dungeon)

   Str:       It affects your strength (+5).
   Int:       It affects your intelligence (-5).
   SInv:      It lets you see invisible.
   Regen:     It increases your rate of health regeneration.
Jewellery
 h - a ring of willpower (left hand)
 v - a ring of flight
 w - a ring of protection from cold (right hand)
Scrolls
 c - 6 scrolls of identify {unknown}
 d - 3 scrolls of holy word {unknown}
 e - 3 scrolls of fear {unknown}
 g - a scroll of immolation {unknown}
 j - 3 scrolls of noise {unknown}
 k - 3 scrolls of teleportation {unknown}
 t - a scroll of enchant weapon {unknown}
 y - a scroll of amnesia {unknown}
 z - 2 scrolls of blinking {unknown}
 A - a scroll of fog {unknown}
 C - a scroll of brand weapon {unknown}
Potions
 b - a potion of haste {unknown}
 f - 2 potions of curing
 m - a potion of might {unknown}
 n - a potion of heal wounds {unknown}
 o - 2 potions of brilliance {unknown}
 p - a potion of berserk rage
 q - a potion of flight {unknown}
 r - 3 potions of degeneration {unknown}
 s - a potion of lignification {unknown}
 u - a potion of attraction {unknown}
 x - a potion of resistance {unknown}
 B - a potion of magic {unknown}


   Skills:
 + Level 7.4 Fighting
 * Level 10.2 Long Blades
 - Level 2.0 Armour
 - Level 2.0 Dodging


You had 8 spell levels left.
You didn't know any spells.
Your spell library was empty.

Dungeon Overview and Level Annotations

Branches:
Dungeon (7/15)             Temple (0/1) D:4         Ossuary (visited)

Altars:
Ashenzari
Dithmenos
Gozag
Hepliaklqana
Makhleb
Okawaru
Trog
Uskayaw
Vehumet
Wu Jian
Zin

Shops:
D:3 *   D:4 *   D:5 *


Message History

The troll closely misses you.
The orc hits you from afar with a +0 trident.
The orc priest looks braver for a moment.
You slash the troll!
The troll is severely wounded.
The orc closely misses you. The troll closely misses you.
The troll claws you but does no damage. The troll claws you!
You are too injured to fight recklessly!
You are too injured to fight recklessly!
There are monsters nearby!
There are monsters nearby!
The orc priest begins to cast a cantrip, but forgets the words!
Things that are here:
a +0 war axe; a +0 robe; an orc corpse You hear a shout!
There is a stone staircase leading down here.
The troll bites you! The troll claws you!
* * * LOW HITPOINT WARNING * * *
The troll claws you.
* * * LOW HITPOINT WARNING * * *
You climb downwards.
There is a stone staircase leading up here.
Okay, then.
You feel better. The troll barely misses you. The troll claws you.
* * * LOW HITPOINT WARNING * * *
The troll barely misses you.
Okay, then.
A red film seems to cover your vision as you go berserk!
You feel yourself moving faster!
You feel mighty! The troll bites you!
* * * LOW HITPOINT WARNING * * *
The troll claws you.
* * * LOW HITPOINT WARNING * * *
The troll claws you.
* * * LOW HITPOINT WARNING * * *
You slash the troll!
The troll is severely wounded.
You barely miss the troll.
The troll is severely wounded.
The troll bites you!
You die...

#.+..
##.#.
...#.
#...#
#...#
#...#
#..T#
#.@.#
#####


You could see a troll.

Vanquished Creatures
  Grinder (D:4)
  Menkaure (D:4)
  Duvessa (D:4)
  A water moccasin (D:5)
  An orc warrior (D:6)
  An ice beast (D:6)
  A sky beast (D:6)
  A necrophage (D:6)
  An ogre (D:5)
  A centaur (D:6)
  2 phantoms
  An elf zombie (Ossuary)
  Dowan (D:4)
  A gnoll sergeant (D:6)
  2 water moccasin zombies
  An orc priest (D:5)
  2 bullfrog skeletons (D:5)
  Jessica (D:3)
  An iguana (D:6)
  6 orc wizards
  The ghost of Zero the Caller, a weakling HOSu (D:4)
  A hound skeleton (D:5)
  3 mummies (Ossuary)
  7 gnolls (D:6)
  4 adders
  A white imp (D:6)
  5 adder zombies (Ossuary)
  3 worms
  A dart slug (D:5)
  7 orcs
  4 endoplasms
  10 goblins
  4 hobgoblins
  2 jackals (D:1)
  8 kobolds
  2 quokkas (D:4)
  10 ball pythons
  2 bats (D:1)
  2 frilled lizards
  A gnoll zombie (Ossuary)
  2 goblin zombies
  3 hobgoblin zombies (Ossuary)
  3 kobold zombies (Ossuary)
  A quokka skeleton (D:4)
  3 quokka zombies (Ossuary)
  5 rats
  A rat zombie (Ossuary)
124 creatures vanquished.

Notes
Turn   | Place    | Note
-------+----------+-------------------------------------------
     0 | D:1      | Johnny the Human Berserker began the quest for the Orb.
     0 | D:1      | Reached XP level 1. HP: 18/18 MP: 1/1
   221 | D:1      | Reached XP level 2. HP: 13/24 MP: 2/2
   544 | D:1      | Found a faded altar of an unknown god.
   546 | D:1      | Noticed a golden eye
   553 | D:1      | Noticed a golden eye
   637 | D:1      | Reached XP level 3. HP: 27/29 MP: 3/3
  1088 | D:1      | Reached ** piety under Trog
  1203 | D:1      | Noticed a golden eye
  1207 | D:1      | Noticed a floating eye
  1409 | D:2      | Reached skill level 4 in Long Blades
  2702 | D:3      | Found a glowing silver altar of Zin.
  2703 | D:3      | Found Zin's Purification Station.
  2790 | D:3      | Reached XP level 4. HP: 37/37 MP: 4/4
  3107 | D:3      | Found a bloodstained altar of Trog.
  3171 | D:3      | Noticed Jessica
  3180 | D:3      | Killed Jessica
  3181 | D:3      | Reached XP level 5. HP: 36/42 MP: 5/5
  3355 | D:4      | Noticed a phantom
  3362 | D:4      | Found a runed translucent door.
  3365 | D:4      | Noticed Zero's ghost (weakling HOSu)
  3367 | D:4      | Killed a phantom
  3368 | D:4      | Reached skill level 5 in Long Blades
  3368 | D:4      | Reached XP level 6. HP: 36/48 MP: 6/6
  3523 | D:4      | Found a sand-covered staircase.
  3535 | Ossuary  | Entered an ossuary
  4078 | Ossuary  | Reached skill level 6 in Long Blades
  4515 | D:4      | Noticed Grinder
  4529 | D:4      | Killed Grinder
  4530 | D:4      | Reached skill level 5 in Fighting
  4530 | D:4      | Reached XP level 7. HP: 56/56 MP: 7/7
  4664 | D:4      | Noticed Duvessa
  4664 | D:4      | Noticed Dowan
  4664 | D:4      | Noticed Menkaure
  4673 | D:5      | Entered Level 5 of the Dungeon
  4801 | D:5      | Found Poyff's Assorted Antiques.
  4811 | D:5      | Reached skill level 7 in Long Blades
  5048 | D:5      | Identified the +2 robe "Vijiem" {Regen+ Str+5 Int-5 SInv}
  5130 | D:5      | Found an opulent altar of Gozag.
  5134 | D:5      | Found a radiant altar of Vehumet.
  5134 | D:5      | Found a broken altar of Ashenzari.
  5134 | D:5      | Found a hide-covered altar of Uskayaw.
  5136 | D:5      | Found an ornate altar of the Wu Jian Council.
  5156 | D:5      | Found a shadowy altar of Dithmenos.
  5178 | D:5      | Reached XP level 8. HP: 60/63 MP: 8/8
  5454 | D:5      | Found a hazy altar of Hepliaklqana.
  5535 | D:4      | Found Mampa's Assorted Antiques.
  5575 | D:4      | Reached skill level 8 in Long Blades
  5627 | D:4      | Found a staircase to the Ecumenical Temple.
  5759 | D:4      | Killed Duvessa
  5762 | D:4      | Killed Dowan
  5794 | D:4      | Killed Menkaure
  6109 | D:4      | Killed Zero's ghost
  6191 | D:6      | Reached skill level 9 in Long Blades
  6191 | D:6      | Reached XP level 9. HP: 69/71 MP: 9/9
  6331 | D:6      | Found an iron altar of Okawaru.
  6447 | D:6      | Found a burning altar of Makhleb.
  6462 | D:6      | Reached skill level 10 in Long Blades
  6669 | D:6      | Noticed a troll
  6686 | D:7      | HP: 3/106 [troll (3)]
  6688 | D:7      | Mangled by a troll

Illustrated notes

Levels and vault maps discovered:
D:1:      co_arrival_square_in_a_square_in_a_square, layout_loops_ring,
          hellmonk_ecumenical_altar_watching_god
D:2:      layout_loops_ring
D:3:      layout_basic, lightli_temple_of_fire, zin_purify, uniq_jessica
D:4:      layout_basic, minmay_temple_entry_antechambers, ebering_ghost_sewer_d,
          enter_ossuary_3, serial_shops, shop, st_stairs_14, uniq_duvessa,
          uniq_menkaure, uniq_grinder
D:5:      layout_rooms, lemuel_coloured_pillars_altar, kennysheep_little_box,
          minitemple, serial_shops, nicolae_shop_trees
D:6:      layout_basic, lemuel_crystal_altar, lemuel_tele_altar,
          uniq_blork_the_orc
D:7:      layout_basic, kennysheep_mini_moat, uniq_maggie

Skill      XL: |  1  2  3  4  5  6  7  8  9 |
---------------+----------------------------+-----
Long Blades    | 4 5 6 7 9 10 | 10.2
Fighting       | 4 5 6 7 |  7.4
Armour         | |  2.0
Dodging        | |  2.0

Action                   |  1- 3 |  4- 6 |  7- 9 || total
-------------------------+-------+-------+-------++-------
Melee: Falchion          |   124 |   151 |   254 ||   529
Invok: Berserk           |     3 |     6 |     8 ||    17
       Trog's Hand       |       |     2 |     8 ||    10
  Use: Potion            |       |       |     5 ||     5
 Stab: Distracted        |       |       |     1 ||     1
Armor: Animal skin       |    19 |    29 |    14 ||    62
       Robe              |       |       |    39 ||    39
Dodge: Dodged            |    91 |    94 |   149 ||   334

Table legend: (Time is in decaauts)
 A = Elapsed time spent in this place.
 B = Non-inter-level travel time spent in this place.
 C = Inter-level travel time spent in this place.
 D = Time resting spent in this place.
 E = Time spent auto-exploring this place.
 F = Levels seen in this place.
 G = Mean time per level.
                   A        B        C        D        E       F      G
               +--------+--------+--------+--------+--------+-----+--------+
         Total |   6823 |   6660 |    163 |    907 |   4648 |   8 |  852.9 |
       Dungeon |   5938 |   5775 |    163 |    465 |   4353 |   7 |  848.3 |
       Ossuary |    885 |    885 |      0 |    442 |    295 |   1 |  885.0 |
               +--------+--------+--------+--------+--------+-----+--------+

Top non-repeatable levels by time:
     D:2: 1346 daAuts
     D:1: 1256 daAuts
     D:4: 1200 daAuts
 Ossuary: 885 daAuts
     D:5: 878 daAuts
     D:3: 714 daAuts
     D:6: 538 daAuts
     D:7: 3 daAuts
